 Dungeon Crawl Stone Soup version 0.31.0-1-g2c135a008e (webtiles) character file.

Game seed: 15747038211604280361

176 qw the Shooter (level 5, -2/40 HPs)
             Began as a Djinni Hunter on Jan 24, 2024.
             Slain by a hornet (7 damage)
             ... on level 4 of the Dungeon.
             The game lasted 00:00:07 (2315 turns).

qw the Shooter (Djinni Hunter)                      Turns: 2315, Time: 00:00:08

Health: -2/40      AC:  5    Str: 10    XL:     5   Next: 86%
Gold:   78         EV: 11    Int: 11    God:
                   SH:  0    Dex: 18

rFire   + + .        a - +1 shortbow
rCold   x . .        (shield currently unavailable)
rNeg    . . .        k - +0 ring mail
rPois   inf          (no helmet)
rElec   .            (no cloak)
rCorr   .            (no gloves)
SInv    +            (boots unavailable)
Will    .....        f - amulet of faith
Stlth   +            i - ring of see invisible
HPRegen 0.26/turn    (no ring)
MPRegen 0.00/turn

%: faith, infuse magic (-3 HP)
@: flying
A: sickness immunity, fire resistance 2, cold vulnerability 1, float, innate
caster, HP casting, extra vitality 1
a: no special abilities


You were on level 4 of the Dungeon.
You visited 1 branch of the dungeon, and saw 4 of its levels.

You collected 120 gold pieces.
You spent 42 gold pieces at shops.


Innate Abilities, Weirdness & Mutations

You are immune to sickness and miasma.
You are immune to poison.
Your flesh is very heat resistant. (rF++)
You are vulnerable to cold. (rC-)
You float through the air rather than walking.
You learn spells naturally, not from books.
Your magical power is your life essence.
You have superior vitality. (+4 MHP)


   Skills:
 - Level 3.0 Fighting
 + Level 4.8 Ranged Weapons
 - Level 1.5 Armour
 - Level 2.5 Dodging
 - Level 0.7 Stealth


You knew the following spells:

 Your Spells              Type           Power      Damage    Failure   Level
a - Foxfire               Conj/Fire      0%         2x1d4     65%         1
b - Searing Ray           Conj           0%         2d4       80%         2
Your spell library was empty.

Inventory:

Hand Weapons
 a - a +1 shortbow (weapon)
Armour
 k - a +0 ring mail (worn)
Jewellery
 f - an amulet of faith (around neck)
 i - a ring of see invisible (left hand)
Wands
 j - a wand of roots (8)
Potions
 d - 2 potions of curing
 h - a potion of berserk rage {unknown}

Dungeon Overview and Level Annotations

Branches:
Dungeon (4/15)
 Temple: D:4-7

Altars:

Shops:
D:1 !


Message History

HP restored.
A ribbon worm comes into view.
You shoot an arrow. The arrow hits the ribbon worm!
The ribbon worm is severely wounded.
You shoot an arrow.
The arrow hits the ribbon worm but does no damage.
The ribbon worm is heavily wounded.
You shoot an arrow. The arrow hits the ribbon worm.
The ribbon worm is severely wounded.
The ribbon worm expels a string of sticky webbing.
The stream of webbing hits you but does no damage.
You are caught in a web!
The web tears apart.
You shoot an arrow. The arrow hits the ribbon worm!
You kill the ribbon worm!
You see here a ribbon worm corpse.
Found a stone staircase leading up.
A goblin comes into view. It is wielding a +0 club.
The goblin shouts!
A hornet comes into view.
You shoot an arrow. The arrow closely misses the hornet.
The hornet buzzes angrily.
You shoot an arrow. The arrow hits the hornet.
The hornet is lightly wounded.
You shoot an arrow. The arrow barely misses the hornet.
The hornet barely misses you.
You shoot an arrow. The arrow misses the hornet.
The arrow closely misses the goblin.
The hornet stings you! The hornet barely misses you.
You shoot an arrow. The arrow closely misses the hornet.
The arrow hits the goblin!
You kill the goblin!
The hornet stings you.
The hornet stings you but does no damage.
You shoot an arrow. The arrow hits the hornet.
The hornet is moderately wounded.
The hornet stings you! x2
You shoot an arrow. The arrow misses the hornet.
The hornet stings you!
You die...

.####.#### #.# #.#
#%# #.# ##.## #.#
###...# #####.####
#...#.# .........#
#.#...# .#######.#
#.#####
.#######%#######.#
...?.<..........@#
.####..###.###.#y#
#..# ...#..)#
....# ..#....
##.... .......
##..#. .#.#.<.
...#. ..#.#..#
#..# #.# #....#


You could see a hornet.

Vanquished Creatures
  A phantom (D:4)
  A sleepcap (D:4)
  2 adders (D:2)
  3 ribbon worms
  9 ball pythons
  6 endoplasms
  A giant cockroach (D:4)
  2 goblins
  5 hobgoblins
  4 jackals (D:3)
  2 kobolds (D:1)
  4 quokkas
  5 bats
  4 frilled lizards
  6 rats
55 creatures vanquished.

Notes
Turn   | Place    | Note
-------+----------+-------------------------------------------
     0 | D:1      | qw the Djinni Hunter began the quest for the Orb.
     0 | D:1      | Reached XP level 1. HP: 18/18 MP: 0/0
     0 | D:1      | 0 ||| qw: Version: 0.3-a-136-gdd3b4e8
     0 | D:1      | 0 ||| qw: Game counter: 1442
     0 | D:1      | 0 ||| qw: Melee chars always use a shield: true
     0 | D:1      | 0 ||| qw: God list: Okawaru
     0 | D:1      | 0 ||| qw: Allow faded altars: false
     0 | D:1      | 0 ||| qw: Do Orc after clearing Dungeon:15 true
     0 | D:1      | 0 ||| qw: Do second Lair branch before Depths: true
     0 | D:1      | 0 ||| qw: Lair rune preference: random
     0 | D:1      | 0 ||| qw: Goals: Normal
     0 | D:1      | 0 ||| PLANNING D:1-11
   113 | D:1      | Reached XP level 2. HP: 23/23 MP: 0/0
   176 | D:1      | You are sucked into a shaft and drop 1 floor!
   195 | D:2      | Reached skill level 4 in Ranged Weapons
   195 | D:2      | Reached XP level 3. HP: 8/28 MP: 0/0
   195 | D:2      | Learned a level 1 spell: Foxfire
   333 | D:2      | 333 ||| UPGRADING to amulet of faith.
   338 | D:2      | 338 ||| READING scroll labelled DAFOWOSIMP.
   338 | D:2      | 338 ||| IDENTIFYING puce potion
   339 | D:2      | 339 ||| DROPPING scroll of butterflies.
   599 | D:1      | Found Huiwn's Distillery.
   611 | D:1      | 611 ||| SHOPLISTING 2 potions of might (112 gold, have 47).
   611 | D:1      | 611 ||| BUYING potion of curing (42 gold).
   611 | D:1      | Bought a potion of curing for 42 gold pieces
   611 | D:1      | 611 ||| SHOPLISTING potion of curing (42 gold, have 5).
   611 | D:1      | 611 ||| SHOPLISTING potion of haste (140 gold, have 5).
   611 | D:1      | 611 ||| SHOPLISTING potion of might (56 gold, have 5).
   896 | D:1      | 896 ||| READING scroll labelled EXEIPPENOCEUPS.
   897 | D:1      | 897 ||| READING scroll labelled KUANUAQ CEIROY.
  1079 | D:2      | Reached XP level 4. HP: 34/34 MP: 0/0
  1127 | D:2      | Found a faded altar of an unknown god.
  1568 | D:2      | 1568 ||| READING scroll labelled DEMIMO INALE.
  1569 | D:2      | 1569 ||| READING scroll labelled GIWIENN CONWI.
  1569 | D:2      | 1569 ||| ENCHANTING +0 shortbow.
  1618 | D:3      | Reached skill level 3 in Fighting
  2119 | D:3      | 2119 ||| UPGRADING to +0 ring mail.
  2129 | D:3      | 2129 ||| DROPPING +0 leather armour.
  2130 | D:3      | 2130 ||| UPGRADING to ring of see invisible.
  2131 | D:3      | 2131 ||| READING scroll of identify.
  2131 | D:3      | 2131 ||| IDENTIFYING blue potion
  2132 | D:3      | 2132 ||| READING 2 scrolls labelled KOQYAV PIJOMEKK.
  2133 | D:3      | 2133 ||| DRINKING 3 white potions.
  2134 | D:3      | 2134 ||| DROPPING scroll of noise.
  2135 | D:3      | 2135 ||| DROPPING potion of lignification.
  2136 | D:3      | 2136 ||| DROPPING 2 potions of attraction.
  2214 | D:4      | Reached skill level 1 in Armour
  2214 | D:4      | Reached XP level 5. HP: 40/40 MP: 0/0
  2214 | D:4      | Learned a level 2 spell: Searing Ray
  2255 | D:4      | Noticed a phantom
  2262 | D:4      | Killed a phantom
  2308 | D:4      | Noticed a hornet
  2314 | D:4      | HP: 5/40 [hornet (11)]
  2315 | D:4      | Slain by a hornet

Levels and vault maps discovered:
D:1:      dpeg_arrival_renting, layout_loops_ring, serial_shops, shop,
          grunt_decor_clamped
D:2:      layout_loops_ring, nicolae_ecumenical_snake_handling
D:3:      layout_loops_cross
D:4:      layout_loops_ring, mainiacjoe_overflow_chevrons, st_stairs_3

Skill      XL: |  1  2  3  4 |
---------------+-------------+-----
Ranged Weapons | 4 |  4.8
Fighting       | 3 |  3.0
Armour         | 1 |  1.5
Dodging        | |  2.5
Stealth        | |  0.7

Action                     |  1- 3 |  4- 6 || total
---------------------------+-------+-------++-------
   Fire: Shortbow          |    72 |    91 ||   163
    Use: Scroll            |     3 |     4 ||     7
         Potion            |       |     1 ||     1
 Armour: Leather armour    |    21 |     8 ||    29
         Ring mail         |       |    16 ||    16
  Dodge: Dodged            |    20 |    22 ||    42

Table legend:
 A = Non-vault XP
 B = Vault XP
 C = Vault XP percentage of total XP
 D = Non-vault monster count
 E = Vault monster count
 F = Vault count percentage of total count
                 A         B        C        D         E       F
            +---------+---------+-------+---------+---------+-------
      Total |     243 |       9 |   3.6 |      50 |       5 |   9.1
            +---------+---------+-------+---------+---------+-------
        D:1 |      36 |       0 |   0.0 |      23 |       0 |   0.0
        D:2 |      40 |       7 |  14.9 |      11 |       4 |  26.7
        D:3 |      20 |       0 |   0.0 |      10 |       0 |   0.0
        D:4 |     147 |       2 |   1.3 |       6 |       1 |  14.3
            +---------+---------+-------+---------+---------+-------
